 Seeded DCSS version 0.31.0-32-g396128a36d (webtiles) character file.

Game seed: 3 (custom seed)

3194 Kazon the Holy Warrior (level 9, -1/79 HPs)
             Began as a Naga Fighter on Feb 14, 2024.
             Was a Priest of the Shining One.
             Slain by an orc warrior
             ... wielding a +0 halberd
              (3 damage)
             ... on level 7 of the Dungeon on Apr 1, 2024.
             The game lasted 00:33:51 (3897 turns).

Kazon the Holy Warrior (Naga Fighter)               Turns: 3897, Time: 00:33:52

Health: -1/79      AC: 14    Str: 27    XL:     9   Next: 96%
Magic:  13/13      EV:  5    Int:  9    God:    the Shining One [***...]
Gold:   277        SH:  9    Dex: 10    Spells: 8/8 levels left

rFire   . . .        q - +4 mace "Wubaoh" {venom, rElec Str+2 Dex-3}
rCold   . . .        c - +0 buckler
rNeg    + . .        j - +0 plate armour of Hopscotch {Str+5}
rPois   +            (helmet currently unavailable)
rElec   +            (cloak currently unavailable)
rCorr   .            f - melded +0 pair of gloves
SInv    +            (no barding)
Will    +....        y - amulet of reflection Stlth
                     F - +4 ring of protection
HPRegen 0.33/turn    (no ring)
MPRegen 0.13/turn

%: reflection
@: short of breath, beast-form, glowing, very slow
A: beast (slay +2), AC +3, large, see invisible, deformed body, poison
resistance, slowness 2, spit poison 1, naga tail 1
a: Spit Poison, Begin Untransformation, Renounce Religion, Divine Shield,
Cleansing Flame


You were on level 7 of the Dungeon.
You worshipped the Shining One.
The Shining One was most pleased with you.
You were a hulking beast.
You visited 1 branch of the dungeon, and saw 7 of its levels.
You also visited: Sewer.

You collected 277 gold pieces.

Inventory:

Hand Weapons
 m - a +1 short sword of venom
 q - the +4 mace "Wubaoh" (weapon) {venom, rElec Str+2 Dex-3}
   (You found it on level 6 of the Dungeon)

   Str+2:     It affects your strength (+2).
   Dex-3:     It affects your dexterity (-3).
   rElec:     It insulates you from electricity.
 s - a +0 spear of flaming
Missiles
 h - 3 stones (quivered)
 v - 7 poisoned darts
Armour
 b - a +0 scale mail
 c - a +0 buckler (worn)
 f - a +0 pair of gloves (melded)
 j - the +0 plate armour of Hopscotch (worn) {Str+5}
   (You acquired it on level 2 of the Dungeon)

   Str+5:     It affects your strength (+5).
 B - a +0 cloak
 D - a +0 helmet
 I - a +0 pair of gloves
Jewellery
 y - an amulet of reflection (around neck)
 F - a +4 ring of protection (left hand)
Talismans
 e - a beast talisman (active)
Wands
 E - a wand of flame (25)
Scrolls
 a - a scroll of revelation {unknown}
 i - a scroll of identify
 k - a scroll of noise {unknown}
 l - a scroll of fog {unknown}
 n - 2 scrolls of enchant armour
 p - 3 scrolls of blinking {unknown}
 u - 6 scrolls of teleportation {unknown}
 x - a scroll of silence {unknown}
 z - 2 scrolls of fear {unknown}
 J - a scroll of amnesia {unknown}
 K - a scroll of poison {unknown}
 L - a scroll of butterflies {unknown}
Potions
 d - 4 potions of might
 g - 2 potions of magic
 o - a potion of curing
 r - 4 potions of heal wounds
 t - 3 potions of enlightenment
 A - a potion of cancellation {unknown}
 C - 2 potions of lignification {unknown}
 G - a potion of haste {unknown}
 H - a potion of brilliance {unknown}
 M - 3 potions of mutation {unknown}


   Skills:
 + Level 4.7 Fighting
 + Level 4.6 Short Blades
 + Level 4.6 Maces & Flails
 + Level 1.8 Polearms
 + Level 1.9 Throwing
 + Level 5.1 Armour
 + Level 0.4 Dodging
 + Level 2.8 Stealth
 + Level 4.6 Shields
 * Level 6.0 Invocations
 * Level 2.3 Evocations
 * Level 4.5 Shapeshifting


You had 8 spell levels left.
You didn't know any spells.
Your spell library contained the following spells:

 Spells                   Type           Power      Damage    Failure   Level
 Magic Dart               Conj           0%         1d3       99%         1
 Blink                    Tloc           0%         N/A       100%        2
 Call Imp                 Summ           0%         N/A       100%        2
 Fugue of the Fallen      Necr           0%         N/A       100%        3
 Gell's Gravitas          Tloc           0%         N/A       100%        3
 Ozocubu's Armour         Ice            0%         N/A       100%        3
 Teleport Other           Tloc           0%         N/A       100%        3
 Manifold Assault         Tloc           0%         N/A       100%        4
 Dispersal                Tloc           0%         N/A       100%        6


Dungeon Overview and Level Annotations

Branches:
Dungeon (7/15)             Temple (0/1) D:6           Sewer (visited)

Altars:
Nemelex Xobeh
Uskayaw
The Shining One

Shops:
D:7 (


Innate Abilities, Weirdness & Mutations

You are a hulking beast.
Your limbs bulge with bestial killing power. (Slay +2)
Your serpentine skin is tough. (AC +3)
You have supernaturally acute eyesight. (SInv)
Armour fits poorly on your strangely shaped body.
Your system is resistant to poisons. (rPois)
You cover ground very slowly.
You can spit poison.
You have a snake-like lower body.


Message History

The centaur hits you.
The centaur kicks you but does no damage.
The orc priest barely misses you.
The orc warrior hits you from afar with a +0 halberd.
The centaur hits you but does no damage.
The centaur barely misses you.
Aiming: Spit Poison (1% risk of failure)
Press: ? - help, Shift-Dir - straight line, f - orc warrior
Aim: an orc warrior, wielding a +0 halberd and wearing a +0 chain mail (haloed, 75% to hit)
The splash of poison hits the centaur!
The centaur is almost dead.
The centaur hits you but does no damage.
The centaur kicks you but does no damage.
You block the orc priest's attack.
The orc warrior hits you from afar with a +0 halberd!
You sock the centaur!
You kill the centaur!
The orc warrior hits you from afar with a +0 halberd!
The orc priest hits you but does no damage.
You hit the orc priest.
The orc priest looks as sick as possible!
The orc priest is almost dead.
You kill the orc priest!
The Shining One accepts your kill.
You feel better.
The orc warrior hits you from afar with a +0 halberd!
* * * LOW HITPOINT WARNING * * *
The black bear bites you but does no damage.
The black bear claws you.
* * * LOW HITPOINT WARNING * * *
The black bear claws you but does no damage.
The orc warrior hits you from afar with a +0 halberd!
* * * LOW HITPOINT WARNING * * *
The black bear bites you.
* * * LOW HITPOINT WARNING * * *
The black bear claws you but does no damage. x2
You hit the black bear but do no damage.
The black bear is poisoned.
The orc warrior hits you from afar with a +0 halberd.
You die...

....... . ##....... #
.. ##.......# .##
...#........##....
.........#...#.. ..
.#....... ......#....
....ooh)###..# .#...#
.. #h##..# .....#
.$..##^.#!.###.....#
........)#..........#
.......#............#
#.....#.##.......#
...>#######......#
..#.#######...####
### . ..#..##......##
#.... #.#
#......#..##


You could see an orc warrior, a black bear (very poisoned) and an orc wizard
(invisible).

Vanquished Creatures
  A gargoyle (D:6)
  Grinder (D:5)
  Sigmund (D:3)
  Duvessa (D:5)
  Pargi (Sewer)
  A black bear (D:6)
  An ogre (D:5)
  A centaur (D:7)
  2 ice beasts
  A phantom (D:6)
  2 brain worms (Sewer)
  A kobold brigand (D:6)
  A gnoll sergeant (D:5)
  A bullfrog (D:7)
  2 scorpions
  7 wights
  Dowan (D:5)
  A howler monkey (D:7)
  A jelly (D:6)
  4 bombardier beetles
  A gnoll bouda (D:6)
  4 orc priests
  6 hounds
  A sleepcap (D:5)
  Crazy Yiuf (D:4)
  2 iguanas
  3 orc wizards
  9 gnolls
  11 adders
  A white imp (D:6)
  2 ufetubi (D:7)
  A dart slug (D:2)
  12 orcs
  6 ball pythons
  7 endoplasms
  A giant cockroach (D:2)
  3 goblins
  7 hobgoblins
  7 kobolds
  2 quokkas
  4 bats
  6 frilled lizards
  5 rats
134 creatures vanquished.

Notes
Turn   | Place    | Note
-------+----------+-------------------------------------------
     0 | D:1      | Kazon the Naga Fighter began the quest for the Orb.
     0 | D:1      | Reached XP level 1. HP: 21/21 MP: 1/1
   256 | D:1      | Reached XP level 2. HP: 22/28 MP: 2/2
   288 | D:1      | Found a faded altar of an unknown god.
   297 | D:1      | Prayed at the altar of an unknown god.
   297 | D:1      | Became a worshipper of the Shining One
   297 | D:1      | Reached * piety under the Shining One
   768 | D:2      | Reached XP level 3. HP: 28/34 MP: 3/3
   984 | D:2      | Reached skill level 1 in Invocations
   996 | D:2      | Identified a scroll of acquirement
   996 | D:2      | Acquired the +0 plate armour of Hopscotch {Str+5}
  1282 | D:3      | Found a glowing drain.
  1291 | Sewer    | Entered a sewer
  1303 | Sewer    | Noticed a brain worm
  1312 | Sewer    | Killed a brain worm
  1313 | Sewer    | Reached skill level 1 in Shapeshifting
  1313 | Sewer    | Reached XP level 4. HP: 24/42 MP: 0/5
  1313 | Sewer    | Reached XP level 5. HP: 28/49 MP: 0/6
  1393 | Sewer    | Noticed Pargi
  1405 | Sewer    | Killed Pargi
  1406 | Sewer    | Reached skill level 1 in Short Blades
  1406 | Sewer    | Reached skill level 1 in Stealth
  1406 | Sewer    | Reached skill level 2 in Invocations
  1406 | Sewer    | Reached XP level 6. HP: 20/56 MP: 4/7
  1455 | D:3      | Upgraded the game from 0.31.0-12-g77e489cdc1 to
                  | 0.31.0-32-g396128a36d
  1479 | D:3      | Reached ** piety under the Shining One
  1526 | D:3      | Noticed Sigmund
  1539 | D:3      | Killed Sigmund
  1540 | D:3      | Reached XP level 7. HP: 49/63 MP: 7/9
  1840 | D:4      | Reached skill level 3 in Invocations
  1866 | D:4      | Found a sparkling altar of Nemelex Xobeh.
  2150 | D:4      | Found a runed translucent door.
  2151 | D:4      | Noticed Crazy Yiuf
  2161 | D:4      | Killed Crazy Yiuf
  2340 | D:5      | Entered Level 5 of the Dungeon
  2370 | D:5      | Noticed Grinder
  2382 | D:5      | Killed Grinder
  2383 | D:5      | Reached skill level 4 in Invocations
  2383 | D:5      | Reached XP level 8. HP: 34/72 MP: 9/11
  2780 | D:5      | Noticed Dowan
  2781 | D:5      | Noticed Duvessa
  2788 | D:5      | Killed Dowan
  2804 | D:5      | Killed Duvessa
  2805 | D:5      | Reached skill level 1 in Polearms
  2805 | D:5      | Reached skill level 1 in Throwing
  3145 | D:6      | Noticed a +0 dagger
  3146 | D:6      | Noticed a +0 spear
  3147 | D:6      | Noticed a +0 falchion
  3147 | D:6      | Noticed a +0 dagger
  3147 | D:6      | Noticed a +0 falchion
  3148 | D:6      | Noticed a +0 spear
  3149 | D:6      | Noticed a +0 short sword
  3150 | D:6      | Noticed a +0 short sword
  3152 | D:6      | Found a hide-covered altar of Uskayaw.
  3228 | D:6      | Reached XP level 9. HP: 78/79 MP: 12/12
  3385 | D:6      | Reached skill level 5 in Invocations
  3410 | D:6      | Found a staircase to the Ecumenical Temple.
  3426 | D:6      | Noticed a gargoyle
  3433 | D:6      | Killed a gargoyle
  3434 | D:6      | Reached skill level 5 in Armour
  3434 | D:6      | Reached skill level 1 in Evocations
  3542 | D:6      | Identified the +4 mace "Wubaoh" {venom, rElec Str+2 Dex-3}
  3627 | D:7      | Reached *** piety under the Shining One
  3745 | D:7      | Found Leuhu's Antique Weapon Boutique.
  3892 | D:7      | Reached skill level 6 in Invocations
  3896 | D:7      | HP: 1/79 [black bear (6)]
  3897 | D:7      | Slain by an orc warrior

Illustrated notes

Levels and vault maps discovered:
D:1:      psy_arrival_terrarium, layout_loops_corners,
          shapermc_ecumenical_altar_notcrosses, dreamdust_mushroom_princess
D:2:      layout_rooms, grunt_ministairs_3, kennysheep_cross_bottleneck,
          minmay_pentomino_x2
D:3:      layout_basic, portal_sewer_entry_d, uniq_sigmund
D:4:      layout_cave_pools, mainiacjoe_overflow_boulevard,
          uniq_crazy_yiuf_cottage
D:5:      layout_loops_ring, serial_library_hellmonk_junction, uniq_grinder,
          uniq_duvessa
D:6:      layout_cave_pools, nicolae_uskayaw_en_pointe,
          minmay_temple_entry_junction
D:7:      layout_cave_pools, nicolae_qazlal_general_emergency, serial_shops,
          nicolae_shop_pleasant_corner_grove

Skill      XL: |  1  2  3  4  5  6  7  8  9 |
---------------+----------------------------+-----
Invocations    | 1 2 4 6 |  6.0
Maces & Flails | 3 4 |  4.6
Shapeshifting  | 1 2 3 4 |  4.5
Short Blades   | 1 3 4 |  4.6
Armour         | 3 4 5 |  5.1
Stealth        | 1 2 |  2.8
Shields        | 3 4 |  4.6
Fighting       | 4 |  4.7
Polearms       | 1 |  1.8
Throwing       | 1 |  1.9
Evocations     | 2 |  2.3
Dodging        | |  0.4

Action                     |  1- 3 |  4- 6 |  7- 9 || total
---------------------------+-------+-------+-------++-------
  Melee: Flail             |    52 |       |       ||    52
         Short sword       |    13 |    30 |   165 ||   208
         Spear             |       |       |    79 ||    79
         Mace              |       |       |    55 ||    55
  Throw: Stone             |       |     7 |    38 ||    45
         Dart              |       |     1 |     6 ||     7
 Invoke: Divine Shield     |       |       |     2 ||     2
Ability: Spit Poison       |    17 |    10 |    36 ||    63
  Evoke: Wand              |       |       |     2 ||     2
    Use: Scroll            |     1 |     3 |     3 ||     7
 Armour: Scale mail        |    37 |       |       ||    37
         Plate armour      |    11 |    33 |   190 ||   234
  Dodge: Dodged            |    17 |     5 |    35 ||    57
  Block: Buckler           |    10 |     7 |   129 ||   146
         Reflection        |       |       |     4 ||     4
   Form: Beast             |       |       |     1 ||     1
